AoeStats
← ladyzika

Black Forest

503239206Analyzed
3v3 RM · 11d ago on Aug 30, 2026· 84m 58s· 6 players
Game mode
Random Map
Map size
Normal (6 player)
Population
200
Speed
Normal
Resources
Standard
Victory
Conquest
Starting age
Dark Age
Ending age
Imperial Age
RankedLock teamsTeams togetherTeam positionsShared explorationLock speedFull tech treeHidden civsTurbo modeCheats
Victory
Defeat
🇨🇿 Lithuanians · Czechia
594
+15
🇺🇸 Armenians · United States
540
+17
🇺🇸 Celts · United States
530
+18
🇦🇷 Japanese · Argentina
577
-17
🇦🇷 Turks · Argentina
570
-17
🇦🇷 Portuguese · Argentina
564
-16
SDBFP06!
0:28 Loom
12:57 Feudal Age
14:15 Wheelbarrow
15:08 Double-Bit Axe
20:37 Castle Age
18:32 Horse Collar
18:51 Stone Mining
19:19 Gold Mining
21:47 Hand Cart
29:49 Gold Shaft Mining
29:50 Stone Shaft Mining
29:25 Caravan
33:27 Imperial Age
31:55 Bow Saw
31:50 Heavy Plow
31:43 Town Watch
33:11 Pikeman
33:37 Arson
34:58 Town Patrol
35:07 Town Patrol
36:28 Conscription
36:44 Hoardings
36:07 Gambesons
36:45 Stronghold
37:34 Fortified Wall
38:25 Chemistry
37:46 Ballistics
37:40 Siege Engineers
38:38 Halberdier
40:26 Furor Celtica
40:45 Onager
42:18 Heavy Scorpion
43:32 Elite Woad Raider
47:51 Siege Onager
yeray_pacheco
0:36 Loom
15:06 Feudal Age
16:25 Wheelbarrow
16:15 Double-Bit Axe
17:21 Horse Collar
25:30 Castle Age
24:53 Fletching
24:59 Stone Mining
25:05 Town Watch
25:13 Gold Mining
25:13 Arson
27:43 Bodkin Arrow
30:23 Murder Holes
30:03 Pikeman
30:51 Squires
33:15 Bow Saw
35:13 Ballistics
36:08 Fervor
35:56 Murder Holes
41:20 Imperial Age
38:16 Halberdier
40:26 Gambesons
40:52 Scale Mail Armor
42:01 Fortified Wall
41:31 Elite Composite Bowman
44:28 Forging
44:35 Chain Mail Armor
44:24 Padded Archer Armor
44:28 Heavy Plow
45:23 Conscription
47:34 Hand Cart
50:15 Heavy Scorpion
52:09 Man-at-Arms
53:50 Long Swordsman
55:27 Hoardings
56:11 Bracer
56:27 Leather Archer Armor
56:19 Scale Barding Armor
59:36 Gold Shaft Mining
58:30 Two-Handed Swordsman
60:52 Fereters
62:26 Iron Casting
62:22 Ring Archer Armor
62:23 Plate Mail Armor
63:00 Chemistry
66:02 Blast Furnace
65:32 Champion
80:39 Capped Ram
82:08 Siege Ram
ladyzika
0:57 Loom
12:49 Feudal Age
15:29 Horse Collar
15:47 Double-Bit Axe
19:31 Man-at-Arms
19:57 Arson
23:13 Castle Age
22:02 Stone Mining
26:40 Gold Mining
27:09 Bow Saw
27:02 Heavy Plow
27:45 Stone Shaft Mining
35:00 Imperial Age
34:35 Wheelbarrow
34:41 Town Watch
34:57 Long Swordsman
35:42 Padded Archer Armor
35:59 Pikeman
37:07 Ballistics
36:38 Guard Tower
36:55 Elite Leitis
37:47 Scale Barding Armor
37:51 Scale Mail Armor
37:42 Fletching
38:40 Leather Archer Armor
39:52 Forging
40:00 Squires
39:31 Cavalier
39:33 Two-Handed Swordsman
42:53 Hand Cart
42:04 Halberdier
45:34 Ring Archer Armor
45:00 Bodkin Arrow
45:40 Iron Casting
45:21 Chain Mail Armor
45:26 Chain Barding Armor
46:04 Crop Rotation
46:47 Two-Man Saw
45:55 Caravan
47:31 Town Patrol
47:52 Bracer
47:51 Murder Holes
48:06 Fortified Wall
47:39 Treadmill Crane
48:28 Hill Forts
51:14 Hoardings
50:05 Crossbowman
50:51 Thumb Ring
52:31 Husbandry
54:06 Paladin
61:41 Tower Shields
62:03 Conscription
62:46 Chemistry
62:22 Keep
61:38 Heated Shot
61:59 Masonry
62:27 Plate Barding Armor
64:07 Bombard Tower
64:58 Champion
76:04 Architecture
82:13 Block Printing
82:09 Fervor
81:59 Atonement
82:10 Redemption
82:26 Illumination
81:57 Herbal Medicine
82:37 Theocracy
82:02 Devotion
82:23 Sanctity
82:24 Heresy
82:17 Guilds
Danilo98332
13:35 Feudal Age
17:51 Castle Age
32:12 Wheelbarrow
33:13 Caravan
33:43 Coinage
34:28 Circumnavigation
34:58 Hand Cart
34:29 Town Watch
39:25 Imperial Age
38:30 Fervor
44:23 Chemistry
43:29 Siphons
43:45 Ballistics
43:45 Masonry
44:05 Padded Archer Armor
44:18 Arquebus
43:39 Elite Organ Gun
45:46 Onager
48:09 Architecture
56:56 Cavalier
60:07 Redemption
Mannu5899
14:18 Feudal Age
15:19 Double-Bit Axe
15:17 Horse Collar
19:57 Scale Barding Armor
20:03 Forging
24:29 Castle Age
25:47 Bloodlines
25:37 Husbandry
29:19 Iron Casting
28:48 Heavy Plow
31:40 Caravan
33:36 Wheelbarrow
34:45 Hand Cart
40:03 Sipahi
46:41 Imperial Age
44:52 Ballistics
44:27 Heated Shot
45:22 Gold Mining
45:23 Stone Mining
45:45 Bow Saw
58:12 Elite Janissary
62:08 Cavalier
71:44 Masonry
71:48 Fortified Wall
71:35 Murder Holes
71:31 Guard Tower
71:27 Arrowslits
Khavy7047
13:48 Feudal Age
20:27 Castle Age
30:28 Imperial Age
30:24 Double-Bit Axe
32:34 Elite Samurai
37:02 Bow Saw
37:31 Conscription
38:16 Wheelbarrow
38:17 Kataparuto
37:59 Gold Mining
42:58 Ballistics
42:55 Fortified Wall
42:41 Murder Holes
43:17 Hand Cart
43:56 Gambesons
44:13 Squires
57:00 Heavy Scorpion
74:29 Crossbowman
75:15 Thumb Ring
75:14 Arbalester
78:21 Elite Skirmisher
Connection lost

Rejoining the realm…

Still unreachable

The connection could not be restored.

Session expired

The server has moved on; the page needs a fresh start.